AoeStats
← kuzmamrak

Black Forest

505402384Analyzed
1v1 RM · 21d ago on Sep 9, 2026· 48m 4s· 2 players
Game mode
Random Map
Map size
Tiny (2 player)
Population
200
Speed
Normal
Resources
Standard
Victory
Conquest
Starting age
Dark Age
Ending age
Imperial Age
RankedLock teamsTeams togetherTeam positionsShared explorationLock speedFull tech treeHidden civsTurbo modeCheats
Victory
Defeat
🇧🇪 Slavs · Belgium
835
+16
🇳🇿 Byzantines · New Zealand
827
-16
Karaka nui
1:29 Loom
12:46 Feudal Age
13:49 Gold Mining
13:46 Double-Bit Axe
13:43 Horse Collar
14:35 Man-at-Arms
17:36 Wheelbarrow
20:54 Fletching
25:43 Castle Age
23:40 Stone Mining
24:50 Scale Barding Armor
24:50 Padded Archer Armor
26:23 Bodkin Arrow
25:50 Crossbowman
26:52 Bow Saw
26:46 Heavy Plow
30:16 Stone Shaft Mining
30:59 Scale Barding Armor
32:35 Chain Barding Armor
33:15 Redemption
39:17 Imperial Age
37:24 Ballistics
37:53 Gold Shaft Mining
38:22 Husbandry
40:19 Sanctity
40:19 Block Printing
40:08 Cavalier
43:31 Bracer
44:08 Plate Barding Armor
45:04 Arbalester
47:59 Chemistry
kuzmamrak
9:08 Loom
11:01 Feudal Age
9:41 Loom
11:28 Feudal Age
13:21 Man-at-Arms
13:54 Double-Bit Axe
13:50 Horse Collar
18:19 Castle Age
19:16 Long Swordsman
20:17 Scale Mail Armor
24:52 Bow Saw
29:30 Wheelbarrow
33:20 Imperial Age
31:11 Hand Cart
35:41 Two-Man Saw
34:43 Heavy Plow
34:36 Gold Mining
34:38 Stone Mining
35:56 Onager
39:12 Chain Mail Armor
39:08 Forging
38:52 Fletching
38:54 Siege Onager
40:11 Pikeman
40:52 Squires
42:03 Masonry
42:57 Chemistry
42:06 Siege Engineers
42:30 Halberdier
43:43 Ballistics
47:58 Plate Mail Armor
47:28 Bodkin Arrow
Connection lost

Rejoining the realm…

Still unreachable

The connection could not be restored.

Session expired

The server has moved on; the page needs a fresh start.